 Dungeon Crawl Stone Soup version 0.30-a0-586-g23e55c9e0a (webtiles) character file.

Game seed: 5527229501020612541

122 Bnni the Vexing (level 5, -1/38 HPs)
             Began as a Formicid Hexslinger on Jan 3, 2023.
             Was a Believer of Dithmenos.
             Slain by an iguana (6 damage)
             ... on level 3 of the Dungeon.
             The game lasted 00:02:50 (2099 turns).

Bnni the Vexing (Formicid Hexslinger)               Turns: 2099, Time: 00:02:50

Health: -1/38      AC:  2    Str: 14    XL:     5   Next: 27%
Magic:  5/7        EV: 12    Int: 15    God:    Dithmenos [**....]
Gold:   144        SH:  0    Dex: 14    Spells: 3/7 levels left

rFire   . . .      SeeInvis +    a - +1 sling
rCold   . . .      Faith    .    (no shield)
rNeg    . . .      Spirit   .    c - +0 robe
rPois   .          Reflect  .    (helmet unavailable)
rElec   .          Harm     .    (no cloak)
rCorr   .          Rampage  .    (no gloves)
Will    .....                    (no boots)
Stlth   ++                       (no amulet)
HPRegen 0.26/turn                (no ring)
MPRegen 0.10/turn                (no ring)

@: wreathed by umbra
A: permanent stasis, dig shafts and tunnels, antennae 3, four strong arms
a: Dig, Shaft Self, Renounce Religion, Shadow Step


You were on level 3 of the Dungeon.
You worshipped Dithmenos.
Dithmenos was pleased with you.
You visited 1 branch of the dungeon, and saw 3 of its levels.

You collected 144 gold pieces.

Inventory:

Hand Weapons
 a - a +1 sling (weapon)
 s - a +2 dagger of venom
Missiles
 t - 2 poisoned darts
 v - 5 curare-tipped darts
Armour
 c - a +0 robe (worn)
Scrolls
 b - a scroll of poison
 d - 2 scrolls of enchant armour {unknown}
 e - a scroll of silence {unknown}
 f - a scroll of noise {unknown}
 g - 2 scrolls of teleportation {unknown}
 h - a scroll of enchant weapon {unknown}
 j - 2 scrolls of magic mapping {unknown}
 m - 2 scrolls of blinking {unknown}
 p - a scroll of identify {unknown}
 r - a scroll of fear {unknown}
Potions
 i - 2 potions of might {unknown}
 k - a potion of flight {unknown}
 l - a potion of haste {unknown}
 n - a potion of berserk rage {unknown}
 o - a potion of invisibility {unknown}
 q - a potion of magic {unknown}
 u - a potion of lignification {unknown}
 w - a potion of attraction {unknown}


   Skills:
 + Level 2.0 Fighting
 * Level 3.0 Ranged Weapons
 - Level 1.7 Dodging
 + Level 1.7 Spellcasting
 * Level 4.5 Hexes
 * Level 2.1 Fire Magic


You had 3 spell levels left.
You knew the following spells:

 Your Spells              Type           Power      Damage    Failure   Level
a - Slow                  Hex            60%        N/A       3%          1
b - Inner Flame           Hex/Fire       11%        N/A       17%         3

Your spell library contained the following spells:

 Spells                   Type           Power      Damage    Failure   Level
 Portal Projectile        Hex/Tloc       16%        N/A       26%         3
 Cause Fear               Hex            7%         N/A       34%         4


Dungeon Overview and Level Annotations

Branches:
Dungeon (3/15)

Altars:
Dithmenos
The Shining One


Innate Abilities, Weirdness & Mutations

You cannot be hasted, slowed, berserked, paralysed or teleported.
You can dig through walls and to a lower floor.
You have a pair of large antennae on your head. (SInv)
Your four strong arms can wield two-handed weapons with a shield.


Message History

You open the door. You open the door.
You sense a monster nearby.
There is an open door here.
An iguana and a hobgoblin come into view.
You shoot a sling bullet. The sling bullet hits the hobgoblin.
You kill the hobgoblin!
Dithmenos accepts your kill.
The iguana hisses angrily.
You shoot a sling bullet.
The sling bullet closely misses the iguana.
You shoot a sling bullet.
The sling bullet hits the iguana but does no damage.
You shoot a sling bullet.
The sling bullet hits the iguana but does no damage.
The iguana closely misses you.
You shoot a sling bullet.
The sling bullet hits the iguana but does no damage.
The iguana bites you!
You shoot a sling bullet.
The sling bullet hits the iguana but does no damage.
The iguana bites you.
You shoot a sling bullet.
The sling bullet closely misses the iguana.
The iguana bites you!
Casting: Inner Flame (quite dangerous; 17% risk of failure)
Confirm with . or Enter, or press ? or * to list all spells.
Aiming: Slow (safe; 3% risk of failure)
Press: ? - help, Shift-Dir - straight line, f/p - iguana
Aim: an iguana (umbra, chance to affect: 57%)
The iguana resists with significant effort.
The iguana bites you!
* * * LOW HITPOINT WARNING * * *
Casting: Slow (safe; 3% risk of failure)
Confirm with . or Enter, or press ? or * to list all spells.
Aiming: Slow (safe; 3% risk of failure)
Press: ? - help, Shift-Dir - straight line, f/p - iguana
Aim: an iguana (umbra, chance to affect: 57%)
The iguana seems to slow down.
The iguana bites you.
You die...

#.
#+##..............#
#..............#
#..............# ##
#..............# ##.
#..............# #..
#..............###.#
###'#'########..##.#
#.#.# ##.#..# #@#+#
#...## #...l......
#.>... #..........
###### #..........
#..........
#..........
...........
..#.#...#...


You could see an iguana (slow).

Vanquished Creatures
  3 gnolls (D:3)
  5 adders (D:2)
  A worm (D:3)
  3 orcs (D:2)
  3 endoplasms
  A giant cockroach (D:3)
  8 goblins
  3 hobgoblins
  4 kobolds
  4 quokkas
  2 ball pythons (D:1)
  A bat (D:2)
  4 frilled lizards
  A rat (D:1)
43 creatures vanquished.

Notes
Turn   | Place    | Note
-------+----------+-------------------------------------------
     0 | D:1      | Bnni the Formicid Hexslinger began the quest for the Orb.
     0 | D:1      | Reached XP level 1. HP: 15/15 MP: 2/2
   118 | D:1      | Reached XP level 2. HP: 21/21 MP: 3/3
   593 | D:1      | Found a faded altar of an unknown god.
   600 | D:1      | Prayed at the altar of an unknown god.
   600 | D:1      | Became a worshipper of Dithmenos the Shadowed
   600 | D:1      | Reached * piety under Dithmenos
   657 | D:2      | Reached skill level 1 in Fire Magic
   663 | D:2      | Reached skill level 4 in Hexes
   663 | D:2      | Reached XP level 3. HP: 20/26 MP: 3/5
   667 | D:2      | Learned a level 3 spell: Inner Flame
   708 | D:2      | Found a glowing golden altar of the Shining One.
   876 | D:2      | Reached XP level 4. HP: 21/33 MP: 6/6
  1768 | D:3      | Reached ** piety under Dithmenos
  1801 | D:3      | Reached XP level 5. HP: 38/38 MP: 3/7
  2099 | D:3      | Slain by an iguana

Illustrated notes

Levels and vault maps discovered:
D:1:      minmay_arrival_diagonal_passages, layout_basic,
          dilly_ecumenical_altar_fadedgnrine
D:2:      layout_loops_corners, basic_altar, minivault_11
D:3:      layout_basic, nicolae_overflow_hidden_temple, gup_sewer_entry_bubbles,
          minmay_misc_feat_alley, minmay_splitting_lines, uniq_sigmund

Skill      XL: |  1  2  3  4 |
---------------+-------------+-----
Fire Magic     | 1 2 |  2.1
Hexes          | 4 |  4.5
Fighting       | 2 |  2.0
Ranged Weapons | 3 |  3.0
Dodging        | |  1.7
Spellcasting   | |  1.7

Action                   |  1- 3 |  4- 6 || total
-------------------------+-------+-------++-------
 Fire: Sling             |    64 |    72 ||   136
 Cast: Slow              |     1 |     2 ||     3
       Inner Flame       |       |     2 ||     2
Armor: Robe              |     3 |     1 ||     4
Dodge: Dodged            |    24 |    11 ||    35

Table legend: (Time is in decaauts)
 A = Elapsed time spent in this place.
 B = Non-inter-level travel time spent in this place.
 C = Inter-level travel time spent in this place.
 D = Time resting spent in this place.
 E = Time spent auto-exploring this place.
 F = Levels seen in this place.
 G = Mean time per level.
                   A        B        C        D        E       F      G
               +--------+--------+--------+--------+--------+-----+--------+
         Total |   2135 |   2104 |     31 |     15 |   1757 |   3 |  711.7 |
       Dungeon |   2135 |   2104 |     31 |     15 |   1757 |   3 |  711.7 |
               +--------+--------+--------+--------+--------+-----+--------+

Top non-repeatable levels by time:
     D:2: 1077 daAuts
     D:1: 630 daAuts
     D:3: 427 daAuts
